Map: New Gettysburg LE

Players

Fropez - Winner!

  • Race: Protoss Protoss
  • League: Gold
  • Spawn Location: 7:00

SrRdo

  • Race: Zerg Zerg
  • League: Silver
  • Spawn Location: 5:00

VOD

Have the link to the VOD?

Description

Time

  • Played on: Oct. 12, 2016, 7:50 p.m.
  • Length: 13:15
Show
View Real Time Build Order
Export as new Build Order

Fropez Protoss - Winner!

Build Orders:  

Get SALT Encoding   

  12  0:01  Probe (Chrono Boost)  
  13  0:17  Pylon  
  13  0:18  Probe (Chrono Boost)  
  14  0:29  Probe (Chrono Boost)  
  14  0:35  Gateway  
  15  0:41  Probe (Chrono Boost)  
  16  0:52  Probe (Chrono Boost)  
  17  1:00  Pylon  
  17  1:03  Pylon  
  17  1:04  Assimilator  
  17  1:07  Probe (Chrono Boost)  
  18  1:21  Pylon  
  18  1:50  Nexus  
  18  1:53  Cybernetics Core  
  17  1:58  Probe (Chrono Boost)  
  18  2:15  Assimilator  
  18  2:33  Pylon  
  18  2:39  Gateway  
  18  2:42  Gateway  
  18  2:45  Gateway  
  18  2:55  Warp Gate  
  18  2:58  Mothership Core (Chrono Boost)  
  20  3:03  Probe (Chrono Boost)  
  21  3:13  Stalker  
  23  3:23  Probe (Chrono Boost)  
  23  3:25  Probe (Chrono Boost)  
  25  3:29  Adept  
  27  3:40  Adept  
  29  3:48  Sentry  
  31  3:52  Sentry  
  29  4:14  Adept x2  
  33  4:33  Adept  
  33  4:36  Probe (Chrono Boost)  
  33  4:37  Probe (Chrono Boost)  
  37  4:42  Adept  
  39  4:48  Probe (Chrono Boost)  
  40  5:20  Robotics Facility  
  40  5:30  Pylon  
  40  5:48  Adept, Assimilator  
  40  5:49  Adept x2  
  46  6:01  Twilight Council  
  46  6:28  Adept x4  
  46  6:32  Probe (Chrono Boost)  
  53  6:34  Probe (Chrono Boost)  
  50  6:42  Resonating Glaives  
  44  6:56  Stalker  
  46  7:05  Stalker  
  48  7:15  Pylon  
  48  7:18  Stalker  
  50  7:29  Stalker  
  47  7:33  Stalker  
  47  7:41  Probe (Chrono Boost)  
  50  7:44  Mothership Core (Chrono Boost)  
  50  8:05  Stalker x2  
  54  8:16  Stalker  
  51  8:43  Stalker x3  
  55  8:58  Stalker  
  55  9:14  Probe x2 (Chrono Boost)  
  49  9:39  Stalker x4  
  51  9:47  Blink  
  51  9:51  Probe (Chrono Boost)  
  52  9:53  Probe (Chrono Boost)  
  53  10:27  Pylon  
  53  10:47  Stalker x2  
  57  10:54  Stalker x2  
  61  11:01  Probe x2 (Chrono Boost)  
  63  11:11  Stalker x2  
  65  11:24  Stalker x2  
  69  11:29  Probe x2 (Chrono Boost)  
  69  11:31  Pylon  
  71  11:39  Probe (Chrono Boost)  
  72  11:44  Stalker  
  72  11:46  Stalker  
  76  12:00  Stalker  
  78  12:55  Stalker  
  78  12:56  Stalker x2  
  84  13:05  Pylon  
Show
View Real Time Build Order
Export as new Build Order

SrRdo Zerg 

Build Orders: Pool First 

Get SALT Encoding   

  12  0:01  Drone  
  14  0:17  Overlord  
  14  0:19  Drone  
  14  0:37  Spawning Pool  
  14  0:38  Drone  
  14  0:59  Drone x2  
  14  1:00  Drone  
  17  1:12  Extractor  
  16  1:24  Zergling x2  
  16  1:25  Zergling x2  
  18  1:34  Extractor, Queen  
  18  1:37  Drone  
  20  1:53  Zergling x2  
  21  2:05  Drone  
  21  2:06  Overlord  
  22  2:17  Metabolic Boost  
  22  2:27  Drone x2  
  24  2:45  Zergling x2  
  24  2:46  Zergling x6  
  28  3:04  Drone x2  
  30  3:13  Hatchery  
  29  3:22  Lair  
  29  3:26  Evolution Chamber  
  28  3:43  Drone  
  28  3:44  Overlord x2, Drone  
  29  4:05  Drone  
  24  4:16  Zerg Missile Weapons Level 1  
  24  4:28  Spire, Drone  
  24  4:33  Drone x3  
  24  4:36  Drone  
  28  4:58  Drone x2  
  30  5:05  Drone  
  30  5:06  Drone  
  32  5:12  Spore Crawler  
  32  5:14  Drone x4  
  33  5:19  Drone x2  
  37  5:21  Queen, Hatchery  
  38  5:41  Extractor  
  37  5:43  Extractor  
  37  5:46  Zerg Flyer Armor Level 1  
  36  5:54  Mutalisk  
  36  5:55  Mutalisk x3  
  36  5:56  Mutalisk  
  33  6:27  Mutalisk  
  33  6:28  Mutalisk x2  
  32  6:39  Drone x2  
  34  6:40  Drone x4  
  37  6:55  Drone x3  
  40  7:07  Mutalisk  
  32  7:39  Drone x5  
  32  7:41  Mutalisk  
  39  8:01  Drone x3  
  39  8:02  Queen  
  32  9:00  Mutalisk  
  32  9:01  Mutalisk x5  
  30  9:35  Drone x7  
  28  9:44  Drone  
  29  9:48  Drone x2  
  31  9:58  Drone  
  32  10:42  Drone x3  
  35  10:44  Drone x2  
  35  10:45  Drone x2  
  35  10:48  Drone x3  
  38  11:22  Drone x2  
  38  11:23  Drone  
  41  11:26  Drone x3  
  41  11:32  Drone x2  
  46  11:33  Drone  
  47  11:47  Queen  
  47  12:33  Drone x2  
  47  12:34  Drone  
  47  12:36  Drone x2  
  47  12:37  Drone x2  
Tags
 
Matchup
PvZ
Opening
Pool First
Replay Pack
All Mines
Spawn Locations
Close Positions
Add a new tag
Caveats
  • Supply blocks, unpowered buildings, or Contaminate may cause inaccurate times.
  • Supply counts are checked every 10 seconds.